PITTSBURGH vs ARIZONA

Created - March-25-21 at 21:15

Goals
1 2 3 T
PITTSBURGH 0 2 1 3
ARIZONA 1 2 1 4
Shots
1 2 3 T
PITTSBURGH 16 7 12 35
ARIZONA 13 10 3 26

1st period

1. ARIZONA , Adrian Kempe 9 (Conor Sheary 6) at 2:44

Penalties :
Zack Kassian (ARI) for Tripping (Minor) at 4:58

2nd period

2. ARIZONA , Justin Faulk 6 (Evgeni Malkin 21) at 0:04
3. ARIZONA , Thomas Chabot 6 (Bryan Little 10, Gabriel Landeskog 21) at 16:05 (PP)
4. PITTSBURGH , Vincent Hinostroza 9 (Jack Eichel 26, Kris Russell 10) at 17:23
5. PITTSBURGH , Derek Ryan 9 (Sammy Blais 5, Jamie Oleksiak 3) at 17:55

Penalties :
Roman Polak (PIT) for Holding (Minor) at 8:09, Adrian Kempe (ARI) for Tripping (Minor) at 12:34, Jamie Oleksiak (PIT) for Tripping (Minor) at 12:34, Roman Polak (PIT) for Roughing (Minor) at 15:43

3rd period

6. PITTSBURGH , Teuvo Teravainen 12 (Vincent Hinostroza 12, Kris Russell 11) at 0:30
7. ARIZONA , Bryan Little 9 (Gabriel Landeskog 22, Evgeni Malkin 22) at 6:22

Penalties :
Adrian Kempe (ARI) for Elbowing (Minor) at 2:19, Adrian Kempe (ARI) for Hooking (Minor) at 12:54, Brandon Tanev (PIT) for Hooking (Minor) at 19:09

Goalie Stats

Jordan Binnington (PIT), 22 saves from 26 shots - (0.846), L, 15-8-3, 60:00 minutes
Corey Crawford (ARI), 32 saves from 35 shots - (0.914), W, 16-11-6, 60:00 minutes

Players Stats for PITTSBURGH

Player Name              G  A  P  +/- PIM S  H  SB GA TA FO     MP     PP MP  PK MP  
------------------------------------------------------------------------------------
Andrei Svechnikov        0  0  0  -1  0   2  1  0  0  0  0/0    18:25   3:33   0:00 
Brandon Tanev            0  0  0   0  2   3  1  1  0  0  0/0    16:00   2:24   0:18 
Cale Makar               0  0  0   0  0   1  0  0  0  0  0/0     5:59   4:43   0:18 
Colton Sissons           0  0  0   0  0   2  0  0  0  0  6/9     7:35   0:00   1:13 
Derek Ryan               1  0  1   0  0   4  0  0  0  0  12/22  17:41   2:24   1:58 
Jack Eichel              0  1  1   1  0   3  0  0  0  0  9/23   20:43   3:33   0:00 
Jamie Oleksiak           0  1  1   1  2   0  6  0  0  0  0/0    16:20   0:00   0:00 
Jonas Siegenthaler       0  0  0   0  0   0  3  2  0  0  0/0    19:46   0:00   1:16 
Jordan Greenway          0  0  0  -1  0   2  1  0  0  0  1/2    16:15   2:27   0:00 
Jordan Oesterle          0  0  0   1  0   2  0  1  0  0  0/0    16:21   0:00   0:00 
Kris Russell             0  2  2   0  0   1  0  1  0  0  0/0    21:05   1:14   2:13 
Marcus Sorensen          0  0  0   0  0   0  0  0  0  0  0/0     0:00   0:00   0:00 
Nick Jensen              0  0  0  -1  0   1  1  0  0  0  0/0    16:58   0:00   1:55 
Pierre Engvall           0  0  0   0  0   2  0  0  0  0  0/1     8:47   2:24   0:03 
Robert Thomas            0  0  0  -1  0   2  0  1  0  0  6/18   17:31   3:30   0:00 
Roman Polak              0  0  0  -1  4   0  0  0  0  0  0/0    17:31   0:00   0:40 
Sammy Blais              0  1  1   0  0   0  4  0  0  0  1/3    13:19   0:00   0:00 
Teuvo Teravainen         1  0  1   1  0   7  0  0  0  0  1/1    20:38   3:33   0:00 
Trevor Lewis             0  0  0   0  0   1  1  0  0  0  0/1     5:34   0:00   0:00 
Vincent Hinostroza       1  1  2   1  0   2  1  1  0  0  2/2    18:18   0:00   2:50 

Players Stats for ARIZONA

Player Name              G  A  P  +/- PIM S  H  SB GA TA FO     MP     PP MP  PK MP  
------------------------------------------------------------------------------------
Adrian Kempe             1  0  1   0  6   2  1  0  0  0  0/2    13:41   1:11   0:00 
Brad Richardson          0  0  0   0  0   1  0  0  0  0  0/0     6:58   0:00   0:00 
Bryan Little             1  1  2   0  0   2  0  0  0  0  0/1    19:30   2:00   0:00 
Conor Sheary             0  1  1   0  0   0  0  0  0  0  1/1    12:53   0:00   0:00 
Evgeni Malkin            0  2  2   0  0   4  5  0  0  0  10/20  20:18   2:00   0:00 
Gabriel Landeskog        0  2  2   0  0   2  1  0  0  0  1/1    24:10   2:00   3:52 
Henri Jokiharju          0  0  0   1  0   1  3  0  0  0  0/0    19:47   1:11   2:28 
Jacob Larsson            0  0  0   0  0   0  0  1  0  0  0/0    17:20   0:00   2:28 
Jay Bouwmeester          0  0  0   1  0   1  2  0  0  0  0/0    21:06   1:11   3:29 
Jean-Gabriel Pageau      0  0  0   0  0   2  0  1  0  0  13/23  16:35   0:00   3:52 
Joel Eriksson Ek         0  0  0   0  0   1  0  0  0  0  1/2    13:57   0:00   2:05 
Justin Faulk             1  0  1  -1  0   2  0  3  0  0  0/0    25:03   2:00   3:29 
Mario Ferraro            0  0  0   0  0   0  5  3  0  0  0/0    14:52   0:00   0:00 
Mikael Backlund          0  0  0   0  0   2  1  0  0  0  14/21  16:09   1:11   2:05 
Nicolas Aube-Kubel       0  0  0   0  0   1  1  0  0  0  0/0     6:58   0:00   0:00 
Riley Sheahan            0  0  0   0  0   0  1  0  0  0  4/10    7:49   0:00   0:00 
Thomas Chabot            1  0  1  -1  0   5  1  3  0  0  0/0    21:52   2:00   0:00 
Zack Kassian             0  0  0   0  2   0  2  0  0  0  0/1    13:02   1:11   0:00 

3 Stars

1 - Vincent Hinostroza (PIT)
2 - Evgeni Malkin (ARI)
3 - Bryan Little (ARI)

Power Play

PITTSBURGH - 0 on 3 Attempt(s) - 0.00%
ARIZONA - 1 on 3 Attempt(s) - 33.33%

Penalty Kill

PITTSBURGH - 2 on 3 Attempt(s) - 66.67% - Score 0 goal in Penalty Kill
ARIZONA - 3 on 3 Attempt(s) - 100.00% - Score 0 goal in Penalty Kill

Team Stat

PITTSBURGH - Hits : 19 - Faceoff Wins : 38 - Blocked Shots : 7 - Penalty Minutes : 8
ARIZONA - Hits : 23 - Faceoff Wins : 44 - Blocked Shots : 11 - Penalty Minutes : 8

Official

Referees : Camerson Stephens and Tim Peel
Linesman : Jimmy Houghton and Anthony Santos

Game Notes

No Game Note

Finance

Level 1 -- Attendance: 6000 (100.00%) -- Ticket Income $522,000
Level 2 -- Attendance: 4871 (97.42%) -- Ticket Income $282,518
Level 3 -- Attendance: 1874 (93.70%) -- Ticket Income $65,590
Level 4 -- Attendance: 3547 (88.68%) -- Ticket Income $70,940
Luxury Box -- Attendance: 749 (74.90%) -- Ticket Income $138,565
Game was played at the Gila River Arena.
Total Attendance: 17041 (94.67%)
Total Ticket Income: $1,079,613
Total Income: $1,079,613

PITTSBURGH

5 vs 5 Forward 
   Center                   Left Wing                Right Wing               Time % Phy DF OF 
 1 Jack Eichel              Vincent Hinostroza       Teuvo Teravainen         35     0   2  3  
 2 Robert Thomas            Jordan Greenway          Andrei Svechnikov        30     0   2  3  
 3 Derek Ryan               Sammy Blais              Brandon Tanev            25     0   2  3  
 4 Colton Sissons           Pierre Engvall           Trevor Lewis             10     0   2  3  

5 vs 5 Defense 
   Defense                  Defense                                           Time % Phy DF OF 
 1 Kris Russell             Jonas Siegenthaler                                35     0   3  2  
 2 Roman Polak              Nick Jensen                                       30     0   3  2  
 3 Jamie Oleksiak           Jordan Oesterle                                   25     0   3  2  
 4 Kris Russell             Jonas Siegenthaler                                10     0   3  2  

PowerPlay Forward 
   Center                   Left Wing                Right Wing               Time % Phy DF OF 
 1 Jack Eichel              Andrei Svechnikov        Teuvo Teravainen         70     0   1  4  
 2 Derek Ryan               Pierre Engvall           Brandon Tanev            30     0   1  4  

PowerPlay Defense
   Defense                  Defense                                           Time % Phy DF OF 
 1 Cale Makar               Robert Thomas                                     70     0   1  4  
 2 Cale Makar               Jordan Greenway                                   30     0   1  4  

Penalty Kill 4 Players Forward 
   Center                   Wing                     Time % Phy DF OF 
 1 Derek Ryan               Vincent Hinostroza       60     0   4  1  
 2 Colton Sissons           Brandon Tanev            40     0   4  1  

Penalty Kill 4 Players Defense
   Defense                  Defense                  Time % Phy DF OF 
 1 Jonas Siegenthaler       Kris Russell             60     0   4  1  
 2 Roman Polak              Nick Jensen              40     0   4  1  

Penalty Kill - 3 Players Forward 
   Forward                                           Time % Phy DF OF 
 1 Vincent Hinostroza                                60     0   5  0  
 2 Brandon Tanev                                     40     0   5  0  

Penalty Kill - 3 Players Defense
   Defense                  Defense                  Time % Phy DF OF 
 1 Jonas Siegenthaler       Kris Russell             60     0   5  0  
 2 Roman Polak              Nick Jensen              40     0   5  0  

4 vs 4 Forward 
   Center                   Wing                     Time % Phy DF OF 
 1 Jack Eichel              Teuvo Teravainen         60     0   2  3  
 2 Robert Thomas            Andrei Svechnikov        40     0   2  3  

4 vs 4 Defense
   Defense                  Defense                  Time % Phy DF OF 
 1 Jonas Siegenthaler       Kris Russell             60     0   3  2  
 2 Roman Polak              Cale Makar               40     0   3  2  

Last Minutes Offensive
   Center                   Left Wing                Right Wing               Defense                  Defense                  
   Jack Eichel              Andrei Svechnikov        Teuvo Teravainen         Cale Makar               Robert Thomas            

Last Minutes Defensive
   Center                   Left Wing                Right Wing               Defense                  Defense                  
   Derek Ryan               Brandon Tanev            Vincent Hinostroza       Jonas Siegenthaler       Kris Russell             

Goaltenders
Starting : Jordan Binnington        
Backup : Philipp Grubauer         

Extra Forwards
Normal : Jack Eichel, Teuvo Teravainen, Andrei Svechnikov - PP : Jack Eichel, Teuvo Teravainen - PK : Vincent Hinostroza
Extra Defensemen
Normal : Kris Russell, Jonas Siegenthaler, Cale Makar - PP : Cale Makar - PK : Kris Russell, Jonas Siegenthaler
Penalty Shots
Andrei Svechnikov, Vincent Hinostroza, Teuvo Teravainen, Derek Ryan, Jack Eichel

Scratches
PIT Cap Hit (Suspend), Pontus Aberg (Healthy)

ARIZONA

5 vs 5 Forward 
   Center                   Left Wing                Right Wing               Time % Phy DF OF 
 1 Evgeni Malkin            Bryan Little             Gabriel Landeskog        40     1   1  3  
 2 Mikael Backlund          Conor Sheary             Adrian Kempe             30     1   2  2  
 3 Jean-Gabriel Pageau      Joel Eriksson Ek         Zack Kassian             25     1   3  1  
 4 Riley Sheahan            Brad Richardson          Nicolas Aube-Kubel       5      1   4  0  

5 vs 5 Defense 
   Defense                  Defense                                           Time % Phy DF OF 
 1 Justin Faulk             Thomas Chabot                                     35     1   2  2  
 2 Jay Bouwmeester          Henri Jokiharju                                   30     1   2  2  
 3 Jacob Larsson            Mario Ferraro                                     25     1   2  2  
 4 Justin Faulk             Thomas Chabot                                     10     1   2  2  

PowerPlay Forward 
   Center                   Left Wing                Right Wing               Time % Phy DF OF 
 1 Evgeni Malkin            Bryan Little             Gabriel Landeskog        60     1   0  4  
 2 Mikael Backlund          Adrian Kempe             Zack Kassian             40     1   1  3  

PowerPlay Defense
   Defense                  Defense                                           Time % Phy DF OF 
 1 Justin Faulk             Thomas Chabot                                     60     1   1  3  
 2 Jay Bouwmeester          Henri Jokiharju                                   40     1   2  2  

Penalty Kill 4 Players Forward 
   Center                   Wing                     Time % Phy DF OF 
 1 Jean-Gabriel Pageau      Gabriel Landeskog        60     1   3  1  
 2 Mikael Backlund          Joel Eriksson Ek         40     1   3  1  

Penalty Kill 4 Players Defense
   Defense                  Defense                  Time % Phy DF OF 
 1 Justin Faulk             Jay Bouwmeester          60     1   4  0  
 2 Jacob Larsson            Henri Jokiharju          40     1   4  0  

Penalty Kill - 3 Players Forward 
   Forward                                           Time % Phy DF OF 
 1 Jean-Gabriel Pageau                               60     1   4  0  
 2 Riley Sheahan                                     40     1   4  0  

Penalty Kill - 3 Players Defense
   Defense                  Defense                  Time % Phy DF OF 
 1 Jay Bouwmeester          Thomas Chabot            60     1   4  0  
 2 Jacob Larsson            Henri Jokiharju          40     1   4  0  

4 vs 4 Forward 
   Center                   Wing                     Time % Phy DF OF 
 1 Evgeni Malkin            Gabriel Landeskog        60     1   1  3  
 2 Mikael Backlund          Conor Sheary             40     1   2  2  

4 vs 4 Defense
   Defense                  Defense                  Time % Phy DF OF 
 1 Justin Faulk             Henri Jokiharju          60     1   2  2  
 2 Jay Bouwmeester          Thomas Chabot            40     1   2  2  

Last Minutes Offensive
   Center                   Left Wing                Right Wing               Defense                  Defense                  
   Evgeni Malkin            Bryan Little             Gabriel Landeskog        Justin Faulk             Thomas Chabot            

Last Minutes Defensive
   Center                   Left Wing                Right Wing               Defense                  Defense                  
   Jean-Gabriel Pageau      Brad Richardson          Gabriel Landeskog        Justin Faulk             Jay Bouwmeester          

Goaltenders
Starting : Corey Crawford           
Backup : Alexandar Georgiev       

Extra Forwards
Normal : Jean-Gabriel Pageau, Riley Sheahan, Joel Eriksson Ek - PP : Jean-Gabriel Pageau, Riley Sheahan - PK : Riley Sheahan
Extra Defensemen
Normal : Henri Jokiharju, Mario Ferraro, Jay Bouwmeester - PP : Henri Jokiharju - PK : Henri Jokiharju, Jacob Larsson
Penalty Shots
Gabriel Landeskog, Evgeni Malkin, Mikael Backlund, Bryan Little, Jean-Gabriel Pageau

Scratches
Nick Shore (Healthy), ARI Cap Hit (Suspend), Oliver Kylington (Healthy), Evan Barratt (Healthy)

% Time on Ice - PITTSBURGH

Lines # - Real PCT - Wanted PCT - Time Play
Normal Forward
1 - 33% - 35% - 16:12
2 - 28% - 30% - 13:48
3 - 27% - 25% - 13:19
4 - 11% - 10% - 5:34
Normal Defense
1 - 30% - 35% - 14:45
2 - 33% - 30% - 15:55
3 - 33% - 25% - 16:21
4 - 4% - 10% - 1:52
PP Forward
1 - 60% - 70% - 3:33
2 - 40% - 30% - 2:24
PP Defense
1 - 59% - 70% - 3:30
2 - 41% - 30% - 2:27
PK Forward
1 - 91% - 60% - 2:53
2 - 9% - 40% - 0:18
PK Defense
1 - 30% - 60% - 0:58
2 - 70% - 40% - 2:13
PK3 Forward
1 - 0% - 60%
2 - 0% - 40%
PK3 Defense
1 - 0% - 60%
2 - 0% - 40%
44 Forward
1 - 89% - 60% - 1:46
2 - 11% - 40% - 0:13
44 Defense
1 - 51% - 60% - 1:01
2 - 49% - 40% - 0:58
Last Minute Offensive  - 0:00
Last Minute Defensive  - 0:00
Total
Forward - 60:00
Defense - 60:00

% Time on Ice - ARIZONA

Lines # - Real PCT - Wanted PCT - Time Play
Normal Forward
1 - 36% - 40% - 17:30
2 - 26% - 30% - 12:33
3 - 24% - 25% - 11:52
4 - 14% - 5% - 6:58
Normal Defense
1 - 34% - 35% - 16:42
2 - 31% - 30% - 15:20
3 - 30% - 25% - 14:47
4 - 4% - 10% - 2:04
PP Forward
1 - 63% - 60% - 2:00
2 - 37% - 40% - 1:11
PP Defense
1 - 63% - 60% - 2:00
2 - 37% - 40% - 1:11
PK Forward
1 - 65% - 60% - 3:52
2 - 35% - 40% - 2:05
PK Defense
1 - 59% - 60% - 3:29
2 - 41% - 40% - 2:28
PK3 Forward
1 - 0% - 60%
2 - 0% - 40%
PK3 Defense
1 - 0% - 60%
2 - 0% - 40%
44 Forward
1 - 83% - 60% - 1:39
2 - 17% - 40% - 0:20
44 Defense
1 - 40% - 60% - 0:48
2 - 60% - 40% - 1:11
Last Minute Offensive  - 0:00
Last Minute Defensive  - 0:00
Total
Forward - 60:00
Defense - 60:00

Play-by-Play

1st period


0:01 of 1st period - Evgeni Malkin wins face-off versus Jack Eichel in neutral zone.
0:16 of 1st period - Shot by Evgeni Malkin.
0:16 of 1st period - Stopped by Jordan Binnington without a rebound.
0:17 of 1st period - Mikael Backlund wins face-off versus Robert Thomas in PITTSBURGH zone.
0:41 of 1st period - Off-side.
0:42 of 1st period - Derek Ryan wins face-off versus Jean-Gabriel Pageau in neutral zone.
1:05 of 1st period - Shot by Derek Ryan.
1:05 of 1st period - Shot Blocked by Jacob Larsson.
1:07 of 1st period - Shot by Jordan Oesterle.
1:07 of 1st period - Stopped by Corey Crawford without a rebound.
1:08 of 1st period - Jack Eichel wins face-off versus Evgeni Malkin in ARIZONA zone.
1:10 of 1st period - Teuvo Teravainen is hit by Thomas Chabot.
1:16 of 1st period - Shot by Evgeni Malkin.
1:16 of 1st period - Shot Misses the Net.
1:18 of 1st period - Shot by Gabriel Landeskog.
1:18 of 1st period - Shot Misses the Net.
1:20 of 1st period - Shot by Thomas Chabot.
1:20 of 1st period - Stopped by Jordan Binnington without a rebound.
1:21 of 1st period - Riley Sheahan wins face-off versus Colton Sissons in PITTSBURGH zone.
1:40 of 1st period - Shot by Brad Richardson.
1:40 of 1st period - Stopped by Jordan Binnington without a rebound.
1:41 of 1st period - Jack Eichel wins face-off versus Evgeni Malkin in PITTSBURGH zone.
2:20 of 1st period - Icing by Jonas Siegenthaler.
2:21 of 1st period - Jack Eichel wins face-off versus Mikael Backlund in PITTSBURGH zone.
2:32 of 1st period - Shot by Conor Sheary.
2:32 of 1st period - Shot Blocked by Kris Russell.
2:44 of 1st period - Shot by Adrian Kempe.
2:44 of 1st period - Goal by Adrian Kempe - PITTSBURGH : 0 - ARIZONA : 1.
2:45 of 1st period - Robert Thomas wins face-off versus Jean-Gabriel Pageau in neutral zone.
2:52 of 1st period - Shot by Andrei Svechnikov.
2:52 of 1st period - Stopped by Corey Crawford without a rebound.
2:53 of 1st period - Derek Ryan wins face-off versus Jean-Gabriel Pageau in ARIZONA zone.
3:15 of 1st period - Shot by Derek Ryan.
3:15 of 1st period - Deflect By Brandon Tanev.
3:15 of 1st period - Shot Blocked by Thomas Chabot.
3:19 of 1st period - Shot by Brandon Tanev.
3:19 of 1st period - Stopped by Corey Crawford without a rebound.
3:20 of 1st period - Mikael Backlund wins face-off versus Robert Thomas in ARIZONA zone.
3:27 of 1st period - Andrei Svechnikov is hit by Mikael Backlund and loses puck.
3:44 of 1st period - Shot by Adrian Kempe.
3:44 of 1st period - Shot Misses the Net.
3:57 of 1st period - Icing by Henri Jokiharju.
3:58 of 1st period - Mikael Backlund wins face-off versus Derek Ryan in ARIZONA zone.
3:58 of 1st period - Mikael Backlund is hit by Brandon Tanev.
4:05 of 1st period - Mikael Backlund is hit by Jonas Siegenthaler and loses puck.
4:23 of 1st period - Icing by Brandon Tanev.
4:24 of 1st period - Sammy Blais wins face-off versus Evgeni Malkin in PITTSBURGH zone.
4:31 of 1st period - Justin Faulk is hit by Sammy Blais and loses puck.
4:53 of 1st period - Shot by Evgeni Malkin.
4:53 of 1st period - Deflect By Gabriel Landeskog.
4:53 of 1st period - Stopped by Jordan Binnington without a rebound.
4:54 of 1st period - Jean-Gabriel Pageau wins face-off versus Robert Thomas in PITTSBURGH zone.
4:58 of 1st period - Minor Penalty to Zack Kassian for Tripping.
4:59 of 1st period - Teuvo Teravainen wins face-off versus Jean-Gabriel Pageau in ARIZONA zone.
5:12 of 1st period - Shot by Jack Eichel.
5:12 of 1st period - Stopped by Corey Crawford without a rebound.
5:13 of 1st period - Jean-Gabriel Pageau wins face-off versus Jack Eichel in ARIZONA zone.
5:25 of 1st period - Shot by Teuvo Teravainen.
5:25 of 1st period - Stopped by Corey Crawford with a rebound.
5:31 of 1st period - Shot by Teuvo Teravainen.
5:31 of 1st period - Stopped by Corey Crawford without a rebound.
5:32 of 1st period - Derek Ryan wins face-off versus Jean-Gabriel Pageau in ARIZONA zone.
5:45 of 1st period - Shot by Derek Ryan.
5:45 of 1st period - Stopped by Corey Crawford without a rebound.
5:46 of 1st period - Mikael Backlund wins face-off versus Jack Eichel in ARIZONA zone.
6:57 of 1st period - Shot by Derek Ryan.
6:57 of 1st period - Shot Blocked by Justin Faulk.
7:02 of 1st period - Off-side.
7:03 of 1st period - Derek Ryan wins face-off versus Riley Sheahan in neutral zone.
8:19 of 1st period - Shot by Mikael Backlund.
8:19 of 1st period - Shot Misses the Net.
8:21 of 1st period - Shot by Adrian Kempe.
8:21 of 1st period - Shot Misses the Net.
8:23 of 1st period - Shot by Thomas Chabot.
8:23 of 1st period - Stopped by Jordan Binnington without a rebound.
8:24 of 1st period - Vincent Hinostroza wins face-off versus Evgeni Malkin in PITTSBURGH zone.
8:24 of 1st period - Vincent Hinostroza is hit by Evgeni Malkin.
9:29 of 1st period - Off-side.
9:30 of 1st period - Conor Sheary wins face-off versus Robert Thomas in neutral zone.
9:51 of 1st period - Shot by Robert Thomas.
9:51 of 1st period - Shot Blocked by Mario Ferraro.
9:53 of 1st period - Shot by Kris Russell.
9:53 of 1st period - Stopped by Corey Crawford without a rebound.
9:54 of 1st period - Joel Eriksson Ek wins face-off versus Derek Ryan in ARIZONA zone.
9:54 of 1st period - Joel Eriksson Ek is hit by Sammy Blais.
11:19 of 1st period - Shot by Evgeni Malkin.
11:19 of 1st period - Shot Blocked by Robert Thomas.
11:24 of 1st period - Andrei Svechnikov is hit by Jay Bouwmeester and loses puck.
11:27 of 1st period - Shot by Jordan Greenway.
11:27 of 1st period - Stopped by Corey Crawford with a rebound.
12:00 of 1st period - Jack Eichel is hit by Mario Ferraro and loses puck.
12:13 of 1st period - Shot by Jack Eichel.
12:13 of 1st period - Stopped by Corey Crawford with a rebound.
12:15 of 1st period - Shot by Vincent Hinostroza.
12:15 of 1st period - Stopped by Corey Crawford without a rebound.
12:16 of 1st period - Colton Sissons wins face-off versus Jean-Gabriel Pageau in ARIZONA zone.
12:17 of 1st period - Shot by Pierre Engvall.
12:17 of 1st period - Shot Misses the Net.
12:33 of 1st period - Shot by Trevor Lewis.
12:33 of 1st period - Stopped by Corey Crawford without a rebound.
12:34 of 1st period - Riley Sheahan wins face-off versus Robert Thomas in ARIZONA zone.
12:34 of 1st period - Justin Faulk is hit by Andrei Svechnikov and loses puck.
13:37 of 1st period - Icing by Jean-Gabriel Pageau.
13:38 of 1st period - Jean-Gabriel Pageau wins face-off versus Jack Eichel in ARIZONA zone.
13:48 of 1st period - Vincent Hinostroza is hit by Mario Ferraro and loses puck.
13:59 of 1st period - Shot by Jack Eichel.
13:59 of 1st period - Deflect By Teuvo Teravainen.
13:59 of 1st period - Stopped by Corey Crawford without a rebound.
14:00 of 1st period - Derek Ryan wins face-off versus Evgeni Malkin in ARIZONA zone.
14:04 of 1st period - Derek Ryan is hit by Henri Jokiharju and loses puck.
14:09 of 1st period - Shot by Jordan Oesterle.
14:09 of 1st period - Shot Misses the Net.
14:19 of 1st period - Shot by Brandon Tanev.
14:19 of 1st period - Shot Misses the Net.
14:21 of 1st period - Shot by Derek Ryan.
14:21 of 1st period - Stopped by Corey Crawford with a rebound.
14:23 of 1st period - Shot by Brandon Tanev.
14:23 of 1st period - Stopped by Corey Crawford without a rebound.
14:24 of 1st period - Mikael Backlund wins face-off versus Jack Eichel in ARIZONA zone.
14:24 of 1st period - Adrian Kempe is hit by Vincent Hinostroza and loses puck.
14:35 of 1st period - Shot by Teuvo Teravainen.
14:35 of 1st period - Shot Misses the Net.
14:37 of 1st period - Shot by Nick Jensen.
14:37 of 1st period - Stopped by Corey Crawford without a rebound.
14:38 of 1st period - Colton Sissons wins face-off versus Evgeni Malkin in ARIZONA zone.
14:45 of 1st period - Shot by Colton Sissons.
14:45 of 1st period - Shot Misses the Net.
15:19 of 1st period - Shot by Evgeni Malkin.
15:19 of 1st period - Stopped by Jordan Binnington without a rebound.
15:20 of 1st period - Mikael Backlund wins face-off versus Jack Eichel in PITTSBURGH zone.
16:12 of 1st period - Jack Eichel is hit by Mario Ferraro and loses puck.
16:25 of 1st period - Shot by Joel Eriksson Ek.
16:25 of 1st period - Stopped by Jordan Binnington without a rebound.
16:26 of 1st period - Evgeni Malkin wins face-off versus Robert Thomas in PITTSBURGH zone.
16:27 of 1st period - Shot by Gabriel Landeskog.
16:27 of 1st period - Stopped by Jordan Binnington without a rebound.
16:28 of 1st period - Evgeni Malkin wins face-off versus Robert Thomas in PITTSBURGH zone.
16:51 of 1st period - Shot by Bryan Little.
16:51 of 1st period - Deflect By Gabriel Landeskog.
16:51 of 1st period - Shot Misses the Net.
16:53 of 1st period - Shot by Thomas Chabot.
16:53 of 1st period - Stopped by Jordan Binnington without a rebound.
16:54 of 1st period - Jean-Gabriel Pageau wins face-off versus Derek Ryan in PITTSBURGH zone.
16:57 of 1st period - Shot by Jean-Gabriel Pageau.
16:57 of 1st period - Stopped by Jordan Binnington with a rebound.
18:12 of 1st period - Shot by Evgeni Malkin.
18:12 of 1st period - Stopped by Jordan Binnington without a rebound.
18:13 of 1st period - Mikael Backlund wins face-off versus Jordan Greenway in PITTSBURGH zone.
18:18 of 1st period - Shot by Adrian Kempe.
18:18 of 1st period - Shot Misses the Net.
18:32 of 1st period - Shot by Henri Jokiharju.
18:32 of 1st period - Stopped by Jordan Binnington without a rebound.
18:33 of 1st period - Evgeni Malkin wins face-off versus Jack Eichel in PITTSBURGH zone.
18:34 of 1st period - Shot by Bryan Little.
18:34 of 1st period - Shot Misses the Net.
18:40 of 1st period - Shot by Gabriel Landeskog.
18:40 of 1st period - Shot Misses the Net.
18:46 of 1st period - Shot by Gabriel Landeskog.
18:46 of 1st period - Shot Misses the Net.
19:47 of 1st period - Off-side.
19:48 of 1st period - Jean-Gabriel Pageau wins face-off versus Derek Ryan in neutral zone.
Goals for this period are 0 for PITTSBURGH vs 1 for ARIZONA.
Shots for this period are 16 for PITTSBURGH vs 13 for ARIZONA.

2nd period


0:01 of 2nd period - Evgeni Malkin wins face-off versus Robert Thomas in neutral zone.
0:04 of 2nd period - Shot by Justin Faulk.
0:04 of 2nd period - Goal by Justin Faulk - PITTSBURGH : 0 - ARIZONA : 2.
0:05 of 2nd period - Robert Thomas wins face-off versus Evgeni Malkin in neutral zone.
1:55 of 2nd period - Icing by Vincent Hinostroza.
1:56 of 2nd period - Jack Eichel wins face-off versus Riley Sheahan in PITTSBURGH zone.
2:21 of 2nd period - Shot by Brandon Tanev.
2:21 of 2nd period - Shot Misses the Net.
2:23 of 2nd period - Shot by Jordan Oesterle.
2:23 of 2nd period - Stopped by Corey Crawford without a rebound.
2:24 of 2nd period - Evgeni Malkin wins face-off versus Robert Thomas in ARIZONA zone.
2:48 of 2nd period - Shot by Gabriel Landeskog.
2:48 of 2nd period - Deflect By Evgeni Malkin.
2:48 of 2nd period - Stopped by Jordan Binnington without a rebound.
2:49 of 2nd period - Mikael Backlund wins face-off versus Derek Ryan in PITTSBURGH zone.
2:55 of 2nd period - Conor Sheary is hit by Jamie Oleksiak and loses puck.
3:19 of 2nd period - Brandon Tanev is hit by Henri Jokiharju and loses puck.
4:14 of 2nd period - Icing by Jamie Oleksiak.
4:15 of 2nd period - Jean-Gabriel Pageau wins face-off versus Derek Ryan in PITTSBURGH zone.
4:15 of 2nd period - Jean-Gabriel Pageau is hit by Jamie Oleksiak.
4:26 of 2nd period - Shot by Jean-Gabriel Pageau.
4:26 of 2nd period - Stopped by Jordan Binnington without a rebound.
4:27 of 2nd period - Robert Thomas wins face-off versus Riley Sheahan in PITTSBURGH zone.
4:27 of 2nd period - Robert Thomas is hit by Riley Sheahan.
4:35 of 2nd period - Shot by Nicolas Aube-Kubel.
4:35 of 2nd period - Stopped by Jordan Binnington without a rebound.
4:36 of 2nd period - Jean-Gabriel Pageau wins face-off versus Jack Eichel in PITTSBURGH zone.
4:36 of 2nd period - Zack Kassian is hit by Nick Jensen and loses puck.
4:48 of 2nd period - Vincent Hinostroza is hit by Mario Ferraro.
5:38 of 2nd period - Shot by Andrei Svechnikov.
5:38 of 2nd period - Shot Blocked by Thomas Chabot.
5:58 of 2nd period - Shot by Robert Thomas.
5:58 of 2nd period - Shot Misses the Net.
6:08 of 2nd period - Shot by Roman Polak.
6:08 of 2nd period - Shot Misses the Net.
6:44 of 2nd period - Shot by Mikael Backlund.
6:44 of 2nd period - Shot Misses the Net.
6:46 of 2nd period - Shot by Mikael Backlund.
6:46 of 2nd period - Shot Blocked by Vincent Hinostroza.
6:48 of 2nd period - Shot by Adrian Kempe.
6:48 of 2nd period - Shot Blocked by Jordan Oesterle.
7:44 of 2nd period - Off-side.
7:45 of 2nd period - Evgeni Malkin wins face-off versus Robert Thomas in neutral zone.
8:09 of 2nd period - Minor Penalty to Roman Polak for Holding.
8:10 of 2nd period - Derek Ryan wins face-off versus Mikael Backlund in PITTSBURGH zone.
8:41 of 2nd period - Shot by Mikael Backlund.
8:41 of 2nd period - Shot Blocked by Jonas Siegenthaler.
8:43 of 2nd period - Shot by Jay Bouwmeester.
8:43 of 2nd period - Stopped by Jordan Binnington without a rebound.
8:44 of 2nd period - Gabriel Landeskog wins face-off versus Derek Ryan in PITTSBURGH zone.
9:27 of 2nd period - Shot by Thomas Chabot.
9:27 of 2nd period - Stopped by Jordan Binnington with a rebound.
9:50 of 2nd period - Shot by Mikael Backlund.
9:50 of 2nd period - Stopped by Jordan Binnington without a rebound.
9:51 of 2nd period - Colton Sissons wins face-off versus Mikael Backlund in PITTSBURGH zone.
9:51 of 2nd period - Colton Sissons is hit by Zack Kassian.
11:21 of 2nd period - Pierre Engvall is hit by Evgeni Malkin and loses puck.
11:45 of 2nd period - Justin Faulk is hit by Trevor Lewis and loses puck.
12:22 of 2nd period - Mikael Backlund is hit by Jamie Oleksiak and loses puck.
12:34 of 2nd period - Minor Penalty to Adrian Kempe for Tripping.
12:34 of 2nd period - Minor Penalty to Jamie Oleksiak for Tripping.
12:35 of 2nd period - Riley Sheahan wins face-off versus Jack Eichel in PITTSBURGH zone.
13:25 of 2nd period - Shot by Robert Thomas.
13:25 of 2nd period - Stopped by Corey Crawford without a rebound.
13:26 of 2nd period - Colton Sissons wins face-off versus Evgeni Malkin in ARIZONA zone.
13:33 of 2nd period - Shot by Pierre Engvall.
13:33 of 2nd period - Stopped by Corey Crawford with a rebound.
14:18 of 2nd period - Off-side.
14:19 of 2nd period - Mikael Backlund wins face-off versus Colton Sissons in neutral zone.
14:38 of 2nd period - Shot by Derek Ryan.
14:38 of 2nd period - Shot Blocked by Mario Ferraro.
14:40 of 2nd period - Shot by Jamie Oleksiak.
14:40 of 2nd period - Shot Misses the Net.
14:42 of 2nd period - Shot by Derek Ryan.
14:42 of 2nd period - Stopped by Corey Crawford without a rebound.
14:43 of 2nd period - Riley Sheahan wins face-off versus Derek Ryan in ARIZONA zone.
15:12 of 2nd period - Shot by Derek Ryan.
15:12 of 2nd period - Shot Misses the Net.
15:20 of 2nd period - Brandon Tanev is hit by Nicolas Aube-Kubel and loses puck.
15:43 of 2nd period - Shot by Mikael Backlund.
15:43 of 2nd period - Stopped by Jordan Binnington without a rebound.
15:43 of 2nd period - Minor Penalty to Roman Polak for Roughing.
15:44 of 2nd period - Evgeni Malkin wins face-off versus Colton Sissons in PITTSBURGH zone.
15:51 of 2nd period - Shot by Justin Faulk.
15:51 of 2nd period - Stopped by Jordan Binnington without a rebound.
15:52 of 2nd period - Derek Ryan wins face-off versus Evgeni Malkin in PITTSBURGH zone.
16:03 of 2nd period - Shot by Bryan Little.
16:03 of 2nd period - Shot Hit the Post.
16:05 of 2nd period - Shot by Thomas Chabot.
16:05 of 2nd period - Goal by Thomas Chabot - PITTSBURGH : 0 - ARIZONA : 3.
16:06 of 2nd period - Jean-Gabriel Pageau wins face-off versus Robert Thomas in neutral zone.
16:39 of 2nd period - Robert Thomas is hit by Henri Jokiharju and loses puck.
17:03 of 2nd period - Jack Eichel is hit by Evgeni Malkin and loses puck.
17:19 of 2nd period - Shot by Vincent Hinostroza.
17:19 of 2nd period - Shot Misses the Net.
17:21 of 2nd period - Shot by Jack Eichel.
17:21 of 2nd period - Shot Blocked by Justin Faulk.
17:23 of 2nd period - Shot by Vincent Hinostroza.
17:23 of 2nd period - Goal by Vincent Hinostroza - PITTSBURGH : 1 - ARIZONA : 3.
17:24 of 2nd period - Derek Ryan wins face-off versus Mikael Backlund in neutral zone.
17:44 of 2nd period - Shot by Derek Ryan.
17:44 of 2nd period - Shot Misses the Net.
17:55 of 2nd period - Shot by Derek Ryan.
17:55 of 2nd period - Goal by Derek Ryan - PITTSBURGH : 2 - ARIZONA : 3.
17:56 of 2nd period - Evgeni Malkin wins face-off versus Trevor Lewis in neutral zone.
18:07 of 2nd period - Shot by Evgeni Malkin.
18:07 of 2nd period - Shot Misses the Net.
18:12 of 2nd period - Pierre Engvall is hit by Evgeni Malkin and loses puck.
18:31 of 2nd period - Shot by Colton Sissons.
18:31 of 2nd period - Stopped by Corey Crawford with a rebound.
18:33 of 2nd period - Shot by Colton Sissons.
18:33 of 2nd period - Shot Blocked by Justin Faulk.
Goals for this period are 2 for PITTSBURGH vs 2 for ARIZONA.
Shots for this period are 7 for PITTSBURGH vs 10 for ARIZONA.

3rd period


0:01 of 3rd period - Jack Eichel wins face-off versus Evgeni Malkin in neutral zone.
0:28 of 3rd period - Shot by Vincent Hinostroza.
0:28 of 3rd period - Shot Misses the Net.
0:30 of 3rd period - Shot by Teuvo Teravainen.
0:30 of 3rd period - Goal by Teuvo Teravainen - PITTSBURGH : 3 - ARIZONA : 3.
0:31 of 3rd period - Robert Thomas wins face-off versus Adrian Kempe in neutral zone.
0:52 of 3rd period - Shot by Jordan Greenway.
0:52 of 3rd period - Stopped by Corey Crawford without a rebound.
0:53 of 3rd period - Derek Ryan wins face-off versus Zack Kassian in ARIZONA zone.
1:10 of 3rd period - Shot by Jean-Gabriel Pageau.
1:10 of 3rd period - Shot Misses the Net.
2:05 of 3rd period - Shot by Teuvo Teravainen.
2:05 of 3rd period - Shot Misses the Net.
2:07 of 3rd period - Shot by Jack Eichel.
2:07 of 3rd period - Stopped by Corey Crawford without a rebound.
2:08 of 3rd period - Robert Thomas wins face-off versus Adrian Kempe in ARIZONA zone.
2:19 of 3rd period - Minor Penalty to Adrian Kempe for Elbowing.
2:20 of 3rd period - Jean-Gabriel Pageau wins face-off versus Jack Eichel in ARIZONA zone.
2:41 of 3rd period - Shot by Cale Makar.
2:41 of 3rd period - Shot Blocked by Jean-Gabriel Pageau.
2:43 of 3rd period - Shot by Teuvo Teravainen.
2:43 of 3rd period - Stopped by Corey Crawford with a rebound.
2:45 of 3rd period - Shot by Cale Makar.
2:45 of 3rd period - Stopped by Corey Crawford without a rebound.
2:46 of 3rd period - Jean-Gabriel Pageau wins face-off versus Derek Ryan in ARIZONA zone.
3:13 of 3rd period - Shot by Mikael Backlund.
3:13 of 3rd period - Shot Misses the Net.
3:49 of 3rd period - Shot by Teuvo Teravainen.
3:49 of 3rd period - Shot Misses the Net.
3:51 of 3rd period - Shot by Andrei Svechnikov.
3:51 of 3rd period - Stopped by Corey Crawford without a rebound.
3:52 of 3rd period - Jack Eichel wins face-off versus Jean-Gabriel Pageau in ARIZONA zone.
4:18 of 3rd period - Shot by Teuvo Teravainen.
4:18 of 3rd period - Stopped by Corey Crawford without a rebound.
4:19 of 3rd period - Jack Eichel wins face-off versus Riley Sheahan in ARIZONA zone.
4:28 of 3rd period - Shot by Teuvo Teravainen.
4:28 of 3rd period - Shot Misses the Net.
4:53 of 3rd period - Icing by Mario Ferraro.
4:54 of 3rd period - Robert Thomas wins face-off versus Riley Sheahan in ARIZONA zone.
5:17 of 3rd period - Shot by Mikael Backlund.
5:17 of 3rd period - Deflect By Conor Sheary.
5:17 of 3rd period - Shot Misses the Net.
5:28 of 3rd period - Adrian Kempe is hit by Jonas Siegenthaler and loses puck.
6:22 of 3rd period - Shot by Bryan Little.
6:22 of 3rd period - Goal by Bryan Little - PITTSBURGH : 3 - ARIZONA : 4.
6:23 of 3rd period - Jack Eichel wins face-off versus Jean-Gabriel Pageau in neutral zone.
6:23 of 3rd period - Vincent Hinostroza is hit by Zack Kassian and loses puck.
6:29 of 3rd period - Jordan Oesterle is hit by Mario Ferraro and loses puck.
6:52 of 3rd period - Shot by Jacob Larsson.
6:52 of 3rd period - Shot Misses the Net.
7:28 of 3rd period - Roman Polak is hit by Gabriel Landeskog and loses puck.
7:44 of 3rd period - Shot by Brandon Tanev.
7:44 of 3rd period - Stopped by Corey Crawford without a rebound.
7:45 of 3rd period - Colton Sissons wins face-off versus Mikael Backlund in ARIZONA zone.
7:50 of 3rd period - Shot by Colton Sissons.
7:50 of 3rd period - Stopped by Corey Crawford without a rebound.
7:51 of 3rd period - Mikael Backlund wins face-off versus Pierre Engvall in ARIZONA zone.
8:04 of 3rd period - Shot by Colton Sissons.
8:04 of 3rd period - Shot Blocked by Thomas Chabot.
8:45 of 3rd period - Jay Bouwmeester is hit by Jordan Greenway and loses puck.
9:04 of 3rd period - Shot by Gabriel Landeskog.
9:04 of 3rd period - Shot Misses the Net.
10:11 of 3rd period - Off-side.
10:12 of 3rd period - Derek Ryan wins face-off versus Riley Sheahan in neutral zone.
10:45 of 3rd period - Shot by Derek Ryan.
10:45 of 3rd period - Shot Misses the Net.
11:14 of 3rd period - Off-side.
11:15 of 3rd period - Jack Eichel wins face-off versus Jean-Gabriel Pageau in neutral zone.
11:25 of 3rd period - Shot by Joel Eriksson Ek.
11:25 of 3rd period - Shot Blocked by Jonas Siegenthaler.
11:27 of 3rd period - Shot by Jean-Gabriel Pageau.
11:27 of 3rd period - Shot Misses the Net.
11:29 of 3rd period - Shot by Jean-Gabriel Pageau.
11:29 of 3rd period - Shot Misses the Net.
11:31 of 3rd period - Shot by Zack Kassian.
11:31 of 3rd period - Shot Misses the Net.
12:00 of 3rd period - Icing by Jean-Gabriel Pageau.
12:01 of 3rd period - Jordan Greenway wins face-off versus Joel Eriksson Ek in ARIZONA zone.
12:05 of 3rd period - Icing by Joel Eriksson Ek.
12:06 of 3rd period - Jean-Gabriel Pageau wins face-off versus Robert Thomas in ARIZONA zone.
12:21 of 3rd period - Shot by Andrei Svechnikov.
12:21 of 3rd period - Shot Misses the Net.
12:45 of 3rd period - Shot by Bryan Little.
12:45 of 3rd period - Stopped by Jordan Binnington without a rebound.
12:46 of 3rd period - Mikael Backlund wins face-off versus Jack Eichel in PITTSBURGH zone.
12:46 of 3rd period - Adrian Kempe is hit by Jamie Oleksiak and loses puck.
12:54 of 3rd period - Minor Penalty to Adrian Kempe for Hooking.
12:55 of 3rd period - Derek Ryan wins face-off versus Jean-Gabriel Pageau in ARIZONA zone.
13:18 of 3rd period - Shot by Robert Thomas.
13:18 of 3rd period - Stopped by Corey Crawford without a rebound.
13:19 of 3rd period - Jean-Gabriel Pageau wins face-off versus Jack Eichel in ARIZONA zone.
13:54 of 3rd period - Shot by Teuvo Teravainen.
13:54 of 3rd period - Stopped by Corey Crawford without a rebound.
13:55 of 3rd period - Derek Ryan wins face-off versus Mikael Backlund in ARIZONA zone.
14:58 of 3rd period - Shot by Colton Sissons.
14:58 of 3rd period - Shot Blocked by Mario Ferraro.
15:00 of 3rd period - Shot by Roman Polak.
15:00 of 3rd period - Shot Misses the Net.
15:02 of 3rd period - Shot by Trevor Lewis.
15:02 of 3rd period - Shot Misses the Net.
15:12 of 3rd period - Shot by Pierre Engvall.
15:12 of 3rd period - Stopped by Corey Crawford without a rebound.
15:13 of 3rd period - Evgeni Malkin wins face-off versus Sammy Blais in ARIZONA zone.
15:13 of 3rd period - Evgeni Malkin is hit by Sammy Blais.
16:11 of 3rd period - Icing by Kris Russell.
16:12 of 3rd period - Mikael Backlund wins face-off versus Jack Eichel in PITTSBURGH zone.
16:15 of 3rd period - Shot by Conor Sheary.
16:15 of 3rd period - Shot Misses the Net.
16:18 of 3rd period - Icing by Kris Russell.
16:19 of 3rd period - Mikael Backlund wins face-off versus Jack Eichel in PITTSBURGH zone.
16:19 of 3rd period - Mikael Backlund is hit by Jonas Siegenthaler.
16:21 of 3rd period - Shot by Adrian Kempe.
16:21 of 3rd period - Stopped by Jordan Binnington without a rebound.
16:22 of 3rd period - Vincent Hinostroza wins face-off versus Mikael Backlund in PITTSBURGH zone.
16:22 of 3rd period - Jonas Siegenthaler is hit by Adrian Kempe.
16:57 of 3rd period - Vincent Hinostroza is hit by Jay Bouwmeester and loses puck.
18:10 of 3rd period - Icing by Brandon Tanev.
18:11 of 3rd period - Jean-Gabriel Pageau wins face-off versus Derek Ryan in PITTSBURGH zone.
18:11 of 3rd period - Jean-Gabriel Pageau is hit by Jamie Oleksiak.
18:15 of 3rd period - Shot by Jean-Gabriel Pageau.
18:15 of 3rd period - Shot Misses the Net.
18:17 of 3rd period - Shot by Jean-Gabriel Pageau.
18:17 of 3rd period - Shot Blocked by Brandon Tanev.
18:41 of 3rd period - Jean-Gabriel Pageau is hit by Jamie Oleksiak and loses puck.
18:57 of 3rd period - Icing by Jamie Oleksiak.
18:58 of 3rd period - Mikael Backlund wins face-off versus Sammy Blais in PITTSBURGH zone.
19:05 of 3rd period - Jay Bouwmeester is hit by Sammy Blais and loses puck.
19:09 of 3rd period - Minor Penalty to Brandon Tanev for Hooking.
19:10 of 3rd period - Colton Sissons wins face-off versus Bryan Little in PITTSBURGH zone.
19:10 of 3rd period - Colton Sissons is hit by Evgeni Malkin.
Goals for this period are 1 for PITTSBURGH vs 1 for ARIZONA.
Shots for this period are 12 for PITTSBURGH vs 3 for ARIZONA.